[Event "Silver Lake Open-A 2019"]
[Site "Veliko Gradiste"]
[Date "2019.06.16"]
[Round "1.4"]
[White "Savic, Miodrag R"]
[Black "Aleksic, Neven"]
[Result "*"]
[ECO "C54"]
[WhiteElo "2503"]
[BlackElo "2175"]
[Annotator "RC"]
[PlyCount "23"]
[EventDate "2019.06.16"]
[EventType "swiss"]
[EventCountry "SRB"]
[SourceTitle "playchess.com"]
[Source "ChessBase"]
[SourceQuality "1"]
[TimeControl "40/5400+30:900+30"]

1. e4 e5 2. Nf3 Nc6 3. Bc4 Bc5 4. O-O Nf6 5. d3 O-O 6. Bb3 d6 7. c3 Bb6 8. Nbd2 Be6 9. Nc4 h6 10. Re1 Re8 11. a4 Bc5 12. Ne3 *

[Event "Silver Lake Open-A 2019"]
[Site "Veliko Gradiste"]
[Date "2019.06.16"]
[Round "1.8"]
[White "Damljanovic, Branko"]
[Black "Ristic, Luka"]
[Result "*"]
[ECO "A72"]
[WhiteElo "2468"]
[BlackElo "2147"]
[Annotator "ChessBase"]
[PlyCount "34"]
[EventDate "2019.06.16"]
[EventType "swiss"]
[EventCountry "SRB"]
[SourceTitle "playchess.com"]
[Source "ChessBase"]
[SourceQuality "1"]
[TimeControl "40/5400+30:900+30"]

1. d4 Nf6 2. c4 c5 3. d5 e6 4. Nc3 exd5 5. cxd5 d6 6. e4 g6 7. Nf3 Bg7 8. Nd2 O-O 9. Be2 a6 10. a4 Qe7 11. O-O Nbd7 12. h3 Ne8 13. Re1 f5 14. exf5 Rxf5 15. Bg4 Re5 16. Be6+ Kh8 17. Nde4 Ndf6 *

[Event "Silver Lake Open-A 2019"]
[Site "Veliko Gradiste"]
[Date "2019.06.16"]
[Round "1.9"]
[White "Djokic, Mihailo"]
[Black "Pikula, Dejan"]
[Result "*"]
[ECO "C41"]
[WhiteElo "2140"]
[BlackElo "2468"]
[Annotator "ChessBase"]
[PlyCount "33"]
[EventDate "2019.06.16"]
[EventType "swiss"]
[EventCountry "SRB"]
[SourceTitle "playchess.com"]
[Source "ChessBase"]
[SourceQuality "1"]
[TimeControl "40/5400+30:900+30"]

1. e4 d6 2. d4 Nf6 3. Nc3 e5 4. Nf3 Nbd7 5. Bc4 Be7 6. O-O O-O 7. Re1 c6 8. a4 h6 9. a5 Re8 10. d5 b5 11. Bf1 cxd5 12. Nxd5 a6 13. c4 bxc4 14. Bxc4 Rb8 15. Nxf6+ Nxf6 16. Qd3 Ra8 17. Be3 *

[Event "Silver Lake Open-A 2019"]
[Site "Veliko Gradiste"]
[Date "2019.06.16"]
[Round "1.10"]
[White "Stankovic, Milos"]
[Black "Al Atarji, Sami"]
[Result "*"]
[ECO "B27"]
[WhiteElo "2462"]
[BlackElo "2133"]
[Annotator "RC"]
[PlyCount "37"]
[EventDate "2019.06.16"]
[EventType "swiss"]
[EventCountry "SRB"]
[SourceTitle "playchess.com"]
[Source "ChessBase"]
[SourceQuality "1"]
[TimeControl "40/5400+30:900+30"]

1. e4 c5 2. Nf3 g6 3. Bc4 Bg7 4. c3 e6 5. d4 cxd4 6. cxd4 d5 7. exd5 exd5 8. Bb3 Ne7 9. O-O O-O 10. Nc3 Nbc6 11. Bg5 Be6 12. Re1 h6 13. Bxe7 Nxe7 14. Ne5 Nf5 15. Nxg6 fxg6 16. Rxe6 Qg5 17. Bxd5 Kh7 18. Ne4 Qd8 19. Bb3 *

[Event "Silver Lake Open-A 2019"]
[Site "Veliko Gradiste"]
[Date "2019.06.17"]
[Round "3.6"]
[White "Pesotskiy, Mikhail"]
[Black "Pikula, Dejan"]
[Result "0-1"]
[ECO "A56"]
[WhiteElo "2282"]
[BlackElo "2468"]
[Annotator "RC"]
[PlyCount "126"]
[EventDate "2019.06.16"]
[EventType "swiss"]
[EventCountry "SRB"]
[SourceTitle "playchess.com"]
[Source "ChessBase"]
[SourceQuality "1"]
[TimeControl "40/5400+30:900+30"]

1. d4 Nf6 2. c4 c5 3. d5 g6 4. Nc3 Bg7 5. e4 d6 6. Bd3 O-O 7. h3 e6 8. Nf3 exd5 9. cxd5 a6 10. a4 Nbd7 11. O-O Nh5 12. g4 Nhf6 13. Bf4 Ne8 14. Qd2 Qe7 15. Rfe1 Rb8 16. Bh6 Bxh6 17. Qxh6 f6 18. Kg2 Ne5 19. Nxe5 fxe5 20. Rf1 Qf6 21. f3 Bd7 22. Be2 Rf7 23. Qe3 Ng7 24. Rfb1 Rc8 25. Qh6 Rc7 26. Ra3 Qd8 27. Rb3 Bc8 28. Rb6 Rf4 29. a5 Ne8 30. b3 Nf6 31. Nd1 Kh8 32. Qh4 Qf8 33. Rc1 g5 34. Qe1 h5 35. b4 Nd7 36. Nf2 c4 37. Qc3 Nxb6 38. axb6 Rcf7 39. Qxc4 Bd7 40. Nd3 Rxf3 41. Bxf3 Rxf3 42. Qc2 hxg4 43. hxg4 Bxg4 44. Rh1+ Kg7 45. Nf2 Rf4 46. Rh2 Bf3+ 47. Kg1 g4 48. Nd3 Rf6 49. Qc7+ Rf7 50. Qc1 Kg6 51. Qe1 Rh7 52. Rxh7 Kxh7 53. Qh4+ Kg6 54. Qg3 Qd8 55. Nf2 Qxb6 56. Kh2 Kh5 57. Kg1 Qe3 58. Qh2+ Kg5 59. Qg3 Qe1+ 60. Kh2 Kh5 61. Qg1 Qxg1+ 62. Kxg1 g3 63. Nh1 Kg4 0-1

[Event "Silver Lake Open-A 2019"]
[Site "Veliko Gradiste"]
[Date "2019.06.18"]
[Round "4.3"]
[White "Zakhartsov, Viacheslav V."]
[Black "Yu, Jennifer"]
[Result "1-0"]
[ECO "D17"]
[WhiteElo "2518"]
[BlackElo "2369"]
[Annotator "ChessBase"]
[PlyCount "105"]
[EventDate "2019.06.16"]
[EventType "swiss"]
[EventCountry "SRB"]
[SourceTitle "playchess.com"]
[Source "ChessBase"]
[SourceQuality "1"]
[TimeControl "40/5400+30:900+30"]

1. d4 d5 2. c4 c6 3. Nf3 Nf6 4. Nc3 dxc4 5. a4 Bf5 6. Ne5 Nbd7 7. Nxc4 Qc7 8. g3 e5 9. dxe5 Nxe5 10. Bf4 Nfd7 11. Bg2 g5 12. Ne3 gxf4 13. Nxf5 O-O-O 14. Qc2 Nc5 15. O-O fxg3 16. hxg3 a5 17. Rfd1 h5 18. e3 Ng6 19. Rd4 h4 20. Nxh4 Nxh4 21. Rxh4 Rxh4 22. gxh4 Qe5 23. Rd1 Bd6 24. Kf1 Rh8 25. Ne2 Rxh4 26. Nd4 Rh8 27. Qc4 Qf6 28. b4 axb4 29. a5 Rh4 30. a6 bxa6 31. Qxb4 Ne4 32. Qb2 Ng3+ 33. Kg1 Nf5 34. Bxc6 Bh2+ 35. Kg2 Qg7+ 36. Kf1 Qg1+ 37. Ke2 Nxd4+ 38. Rxd4 Rxd4 39. Qxd4 Kc7 40. Qd7+ Kb6 41. Be4 Qg5 42. Qxf7 Qb5+ 43. Kf3 Bc7 44. Qe6+ Ka7 45. Bd5 Qf1 46. Bc4 Qd1+ 47. Kg2 Qa1 48. f4 Bb6 49. Qe7+ Kb8 50. Bd5 Qb2+ 51. Kf3 Kc8 52. Qb7+ Kd8 53. Bc6 1-0

[Event "Silver Lake Open-A 2019"]
[Site "Veliko Gradiste"]
[Date "2019.06.18"]
[Round "4.4"]
[White "Rajkovic, Mladen"]
[Black "Savic, Miodrag R"]
[Result "0-1"]
[ECO "B01"]
[WhiteElo "2360"]
[BlackElo "2503"]
[Annotator "ChessBase"]
[PlyCount "154"]
[EventDate "2019.06.16"]
[EventType "swiss"]
[EventCountry "SRB"]
[SourceTitle "playchess.com"]
[Source "ChessBase"]
[SourceQuality "1"]
[TimeControl "40/5400+30:900+30"]

1. e4 d5 2. exd5 Qxd5 3. Nc3 Qa5 4. d4 c6 5. Nf3 Nf6 6. Bc4 Bf5 7. Bd2 Nbd7 8. O-O Qc7 9. Nh4 Bg6 10. f4 Nb6 11. Bb3 Qd7 12. Qe1 Bf5 13. Qe5 g6 14. Rae1 Bg7 15. Nxf5 gxf5 16. Kh1 Rd8 17. Bc1 Kf8 18. Qa5 Nc8 19. Ne2 b6 20. Qa4 Nd6 21. Ng1 Nfe4 22. Nf3 c5 23. Qxd7 Rxd7 24. Ne5 Rc7 25. c3 cxd4 26. cxd4 e6 27. d5 Ke7 28. g4 Rhc8 29. gxf5 exf5 30. Be3 Kf8 31. Re2 Re8 32. Nc6 Nf6 33. Rfe1 Ng4 34. Bd2 a5 35. Bc3 Bxc3 36. bxc3 Nf2+ 37. Kg2 Rxe2 38. Rxe2 Nfe4 39. Re3 Rc8 40. a4 Kg7 41. Bd1 Nc4 42. Rh3 Re8 43. Nd4 Ned6 44. Kf2 Re4 45. Bf3 Re3 46. Rg3+ Kf6 47. Bg2 Rxg3 48. hxg3 Nb2 49. Ke3 Nxa4 50. Kd3 Nc5+ 51. Kc2 Nce4 52. Bxe4 Nxe4 53. Kd3 h5 54. Kc4 Nxg3 55. d6 h4 56. Kd5 Ne4 57. d7 Ke7 58. Nxf5+ Kxd7 59. Kxe4 a4 60. Nd4 a3 61. c4 a2 62. Nb3 Ke6 63. c5 bxc5 64. Nxc5+ Kd6 65. Nb3 f5+ 66. Kf3 Kd5 67. Kg2 Kc4 68. Na1 Kc3 69. Kh3 Kb2 70. Kxh4 Kxa1 71. Kg5 Kb2 72. Kxf5 a1=Q 73. Ke6 Qa6+ 74. Ke5 Qa8 75. f5 Qe8+ 76. Kf6 Qf8+ 77. Kg6 Kc3 0-1

[Event "Silver Lake Open-A 2019"]
[Site "Veliko Gradiste"]
[Date "2019.06.18"]
[Round "4.5"]
[White "Radovanovic, Mihajlo"]
[Black "Yordanov, Lachezar"]
[Result "1-0"]
[ECO "D55"]
[WhiteElo "2483"]
[BlackElo "2302"]
[Annotator "ChessBase"]
[PlyCount "75"]
[EventDate "2019.06.16"]
[EventType "swiss"]
[EventCountry "SRB"]
[SourceTitle "playchess.com"]
[Source "ChessBase"]
[SourceQuality "1"]
[TimeControl "40/5400+30:900+30"]

1. Nf3 d5 2. d4 Nf6 3. c4 e6 4. Nc3 Be7 5. Bg5 O-O 6. e3 c6 7. Bd3 dxc4 8. Bxc4 b5 9. Bd3 a6 10. Qc2 h6 11. Bxf6 Bxf6 12. Ne4 Be7 13. O-O Bb7 14. Ne5 Qd5 15. Nc5 Bxc5 16. Bh7+ Kh8 17. Be4 Qd8 18. dxc5 Qc7 19. Qc3 Nd7 20. Nxd7 Qxd7 21. Rad1 Qe7 22. Rd6 Rac8 23. Rfd1 Rc7 24. Qd2 f5 25. Bc2 Bc8 26. e4 Kh7 27. e5 Rf7 28. b4 Rd7 29. Qe3 Rxd6 30. cxd6 Qa7 31. Qxa7 Rxa7 32. Rd3 Bd7 33. Ra3 Kg8 34. f4 g5 35. Kf2 gxf4 36. Kf3 Kf7 37. Kxf4 Ra8 38. Bd1 1-0

[Event "Silver Lake Open-A 2019"]
[Site "Veliko Gradiste"]
[Date "2019.06.18"]
[Round "4.6"]
[White "Pikula, Dejan"]
[Black "Van Dael, Siem"]
[Result "0-1"]
[ECO "A48"]
[WhiteElo "2468"]
[BlackElo "2290"]
[Annotator "ChessBase"]
[PlyCount "64"]
[EventDate "2019.06.16"]
[EventType "swiss"]
[EventCountry "SRB"]
[SourceTitle "playchess.com"]
[Source "ChessBase"]
[SourceQuality "1"]
[TimeControl "40/5400+30:900+30"]

1. d4 Nf6 2. Nf3 g6 3. e3 Bg7 4. Be2 O-O 5. O-O d6 6. c4 Nbd7 7. Nc3 e5 8. Qc2 Re8 9. b3 exd4 10. exd4 Nf8 11. h3 Bf5 12. Bd3 Bxd3 13. Qxd3 d5 14. Bf4 c6 15. Rfe1 Qa5 16. Rab1 Rad8 17. c5 Rxe1+ 18. Nxe1 Re8 19. b4 Qd8 20. b5 Ne6 21. Be3 Ne4 22. Ne2 Qa5 23. bxc6 bxc6 24. Qc2 f5 25. Nd3 g5 26. Rb4 f4 27. Bc1 Rf8 28. f3 Ng3 29. Bb2 Re8 30. Nxg3 fxg3 31. Ra4 Qb5 32. Ra5 Qxa5 0-1

[Event "Silver Lake Open-A 2019"]
[Site "Veliko Gradiste"]
[Date "2019.06.18"]
[Round "4.7"]
[White "Lajthajm, Borko"]
[Black "Pimpalkhare Vedant"]
[Result "1/2-1/2"]
[ECO "C08"]
[WhiteElo "2433"]
[BlackElo "2067"]
[Annotator "NA"]
[PlyCount "24"]
[EventDate "2019.06.16"]
[EventType "swiss"]
[EventCountry "SRB"]
[SourceTitle "playchess.com"]
[Source "ChessBase"]
[SourceQuality "1"]
[TimeControl "40/5400+30:900+30"]

1. e4 e6 2. d4 d5 3. Nd2 c5 4. exd5 exd5 5. Bb5+ Nc6 6. Ngf3 Bd6 7. O-O Nge7 8. dxc5 Bxc5 9. Nb3 Bd6 10. Bg5 O-O 11. Re1 Bg4 12. h3 Bh5 1/2-1/2

[Event "Silver Lake Open-A 2019"]
[Site "Veliko Gradiste"]
[Date "2019.06.18"]
[Round "4.8"]
[White "Abramovic, Bosko"]
[Black "Dudukovic, Nikola"]
[Result "1-0"]
[ECO "A05"]
[WhiteElo "2353"]
[BlackElo "2397"]
[Annotator "NA"]
[PlyCount "78"]
[EventDate "2019.06.16"]
[EventType "swiss"]
[EventCountry "SRB"]
[SourceTitle "playchess.com"]
[Source "ChessBase"]
[SourceQuality "1"]
[TimeControl "40/5400+30:900+30"]

1. Nf3 Nf6 2. g3 g6 3. Bg2 Bg7 4. O-O O-O 5. d4 d5 6. Nbd2 c6 7. c3 Bf5 8. Nh4 Be6 9. Nhf3 h6 10. Re1 Nbd7 11. e4 dxe4 12. Nxe4 Nxe4 13. Rxe4 Bf5 14. Re1 Nf6 15. Qb3 Qd7 16. Ne5 Qc8 17. c4 Nd7 18. Nf3 e6 19. Be3 g5 20. h4 g4 21. Nd2 Rd8 22. Ne4 Nf8 23. Rad1 Qc7 24. Nc5 b6 25. Na6 Qd7 26. c5 b5 27. a4 Rac8 28. axb5 cxb5 29. Rd2 Ng6 30. Ra1 Ne7 31. Nb4 Rc7 32. Ra6 Qc8 33. Qa2 e5 34. dxe5 Rxd2 35. Bxd2 Be6 36. Qa5 Qd7 37. Rd6 Qc8 38. Bf4 Nf5 39. Na6 Nxd6 1-0

[Event "Silver Lake Open-A 2019"]
[Site "Veliko Gradiste"]
[Date "2019.06.18"]
[Round "4.9"]
[White "Rabrenovic, Vladan"]
[Black "Damljanovic, Branko"]
[Result "1/2-1/2"]
[ECO "E70"]
[WhiteElo "2332"]
[BlackElo "2468"]
[Annotator "ChessBase"]
[PlyCount "27"]
[EventDate "2019.06.16"]
[EventType "swiss"]
[EventCountry "SRB"]
[SourceTitle "playchess.com"]
[Source "ChessBase"]
[SourceQuality "1"]
[TimeControl "40/5400+30:900+30"]

1. d4 Nf6 2. c4 g6 3. Nc3 Bg7 4. e4 d6 5. Bd3 Nc6 6. Nge2 O-O 7. O-O e5 8. d5 Nd4 9. Bc2 Nxc2 10. Qxc2 Nh5 11. Be3 f5 12. exf5 gxf5 13. f4 Bd7 14. Qd2 1/2-1/2

[Event "Silver Lake Open-A 2019"]
[Site "Veliko Gradiste"]
[Date "2019.06.18"]
[Round "4.10"]
[White "Strugnell, Carl"]
[Black "Ernst, Sipke"]
[Result "0-1"]
[ECO "C11"]
[WhiteElo "2260"]
[BlackElo "2541"]
[Annotator "ChessBase"]
[PlyCount "64"]
[EventDate "2019.06.16"]
[EventType "swiss"]
[EventCountry "SRB"]
[SourceTitle "playchess.com"]
[Source "ChessBase"]
[SourceQuality "1"]
[TimeControl "40/5400+30:900+30"]

1. e4 e6 2. d4 d5 3. Nc3 Nf6 4. e5 Nfd7 5. f4 c5 6. Nf3 Nc6 7. Be3 Be7 8. Qd2 O-O 9. dxc5 Qa5 10. Bd3 f6 11. O-O Bxc5 12. Bxc5 Qxc5+ 13. Kh1 fxe5 14. Bxh7+ Kxh7 15. Ng5+ Kg8 16. Nxe6 Qd6 17. Nxf8 Nxf8 18. Nxd5 e4 19. f5 Qe5 20. f6 Be6 21. Ne7+ Nxe7 22. fxe7 Nd7 23. Qb4 Re8 24. Rae1 Nf6 25. Re3 Bd5 26. Qa4 Qxe7 27. Qxa7 Ng4 28. Rg3 Bc4 29. Rb1 Qh4 30. Rh3 Nf2+ 31. Kg1 Nxh3+ 32. gxh3 Qg5+ 0-1

[Event "Silver Lake Open-A 2019"]
[Site "Veliko Gradiste"]
[Date "2019.06.19"]
[Round "5.2"]
[White "Dimitrov, Vladimir"]
[Black "Zakhartsov, Viacheslav V."]
[Result "0-1"]
[ECO "E48"]
[WhiteElo "2309"]
[BlackElo "2518"]
[Annotator "ChessBase"]
[PlyCount "42"]
[EventDate "2019.06.16"]
[EventType "swiss"]
[EventCountry "SRB"]
[SourceTitle "playchess.com"]
[Source "ChessBase"]
[SourceQuality "1"]
[TimeControl "40/5400+30:900+30"]

1. d4 Nf6 2. c4 e6 3. Nc3 Bb4 4. e3 O-O 5. Bd3 d5 6. cxd5 exd5 7. Nge2 Re8 8. Bd2 Bf8 9. O-O a5 10. Rc1 b6 11. Nf4 Bb7 12. Qf3 Na6 13. Rfd1 c5 14. Be1 Nc7 15. dxc5 bxc5 16. Na4 Nd7 17. Bf5 Ne5 18. Qg3 Qf6 19. Nxc5 Bxc5 20. Nh5 Qh6 21. Rxc5 Qxh5 0-1

[Event "Silver Lake Open-A 2019"]
[Site "Veliko Gradiste"]
[Date "2019.06.19"]
[Round "5.4"]
[White "Van Dael, Siem"]
[Black "Radovanovic, Mihajlo"]
[Result "0-1"]
[ECO "B90"]
[WhiteElo "2290"]
[BlackElo "2483"]
[Annotator "ChessBase"]
[PlyCount "62"]
[EventDate "2019.06.16"]
[EventType "swiss"]
[EventCountry "SRB"]
[SourceTitle "playchess.com"]
[Source "ChessBase"]
[SourceQuality "1"]
[TimeControl "40/5400+30:900+30"]

1. e4 c5 2. Nf3 d6 3. d4 cxd4 4. Nxd4 Nf6 5. Nc3 a6 6. Be3 e5 7. Nb3 Be6 8. f3 h5 9. Qd2 Nbd7 10. Nd5 Bxd5 11. exd5 g6 12. Be2 Bg7 13. O-O b6 14. a4 O-O 15. a5 b5 16. Rac1 Qb8 17. Rfd1 Rc8 18. Qb4 Kh7 19. h3 Bh6 20. Bxh6 Kxh6 21. g4 Kg7 22. c4 hxg4 23. cxb5 Rxc1 24. Rxc1 Nxd5 25. Qd2 Nf4 26. hxg4 Qa7+ 27. b6 Nxb6 28. Qe3 Nxe2+ 29. Qxe2 Nd5+ 30. Qf2 Qxf2+ 31. Kxf2 Rb8 0-1

[Event "Silver Lake Open-A 2019"]
[Site "Veliko Gradiste"]
[Date "2019.06.19"]
[Round "5.5"]
[White "Ernst, Sipke"]
[Black "Rabrenovic, Vladan"]
[Result "1-0"]
[ECO "A13"]
[WhiteElo "2541"]
[BlackElo "2332"]
[Annotator "RC"]
[PlyCount "89"]
[EventDate "2019.06.16"]
[EventType "swiss"]
[EventCountry "SRB"]
[SourceTitle "playchess.com"]
[Source "ChessBase"]
[SourceQuality "1"]
[TimeControl "40/5400+30:900+30"]

1. Nf3 d5 2. c4 e6 3. g3 Nf6 4. Bg2 Be7 5. b3 d4 6. O-O O-O 7. e3 c5 8. exd4 cxd4 9. d3 Nc6 10. Bb2 e5 11. Re1 Nd7 12. Ba3 a5 13. Bxe7 Qxe7 14. Nbd2 Nc5 15. Ne4 Nxe4 16. Rxe4 f6 17. a3 Bf5 18. Re1 Qd7 19. Nh4 Bg4 20. Qd2 g5 21. Nf3 Qf5 22. Qe2 Ra6 23. Rab1 Rb6 24. c5 Ra6 25. b4 axb4 26. axb4 Ra3 27. b5 Nd8 28. Qb2 Qxd3 29. Nd2 Qc3 30. Ne4 Qxb2 31. Rxb2 Ne6 32. c6 bxc6 33. bxc6 Kg7 34. Rb7+ Rf7 35. Nd6 Rxb7 36. cxb7 Rb3 37. h3 Bh5 38. Bd5 Rb4 39. Bxe6 Bf3 40. Rc1 d3 41. Rc7+ Kf8 42. Rf7+ Kg8 43. Re7+ Kf8 44. Re8+ Kg7 45. Rg8+ 1-0

[Event "Silver Lake Open-A 2019"]
[Site "Veliko Gradiste"]
[Date "2019.06.19"]
[Round "5.7"]
[White "Stankovic, Milos"]
[Black "Kosanovic, Goran A"]
[Result "1/2-1/2"]
[ECO "C42"]
[WhiteElo "2462"]
[BlackElo "2316"]
[Annotator "ChessBase"]
[PlyCount "53"]
[EventDate "2019.06.16"]
[EventType "swiss"]
[EventCountry "SRB"]
[SourceTitle "playchess.com"]
[Source "ChessBase"]
[SourceQuality "1"]
[TimeControl "40/5400+30:900+30"]

1. e4 e5 2. Nf3 Nf6 3. Nxe5 d6 4. Nc4 Nxe4 5. Qe2 Qe7 6. Ne3 c6 7. g3 g6 8. Bg2 Nf6 9. d4 Bg7 10. O-O O-O 11. c4 c5 12. dxc5 dxc5 13. Nc3 Nc6 14. Re1 Nd4 15. Qd1 Be6 16. Ned5 Qd7 17. Bg5 Nxd5 18. Nxd5 Bxd5 19. Bxd5 Rae8 20. Qd3 b6 21. Rad1 h5 22. b3 Kh7 23. Kg2 Bh6 24. Bf6 Bg7 25. Bg5 Bh6 26. Bf6 Bg7 27. Bg5 1/2-1/2

[Event "Silver Lake Open-A 2019"]
[Site "Veliko Gradiste"]
[Date "2019.06.19"]
[Round "5.8"]
[White "Stefanov, Emil"]
[Black "Lajthajm, Borko"]
[Result "1/2-1/2"]
[ECO "E16"]
[WhiteElo "2387"]
[BlackElo "2433"]
[Annotator "NA"]
[PlyCount "58"]
[EventDate "2019.06.16"]
[EventType "swiss"]
[EventCountry "SRB"]
[SourceTitle "playchess.com"]
[Source "ChessBase"]
[SourceQuality "1"]
[TimeControl "40/5400+30:900+30"]

1. d4 Nf6 2. c4 e6 3. Nf3 b6 4. g3 Bb7 5. Bg2 Bb4+ 6. Bd2 a5 7. O-O Bxd2 8. Qxd2 O-O 9. Nc3 Ne4 10. Nxe4 Bxe4 11. Qe3 d5 12. Rac1 Bxf3 13. Bxf3 c6 14. cxd5 exd5 15. Qf4 f5 16. h4 Ra7 17. Rc3 Re7 18. Rfc1 Rf6 19. Bxd5+ Qxd5 20. Qxb8+ Kf7 21. e3 f4 22. exf4 Rfe6 23. Rf1 Re1 24. Rc1 Rxc1 25. Rxc1 Qxd4 26. Qc8 Re2 27. Qf5+ Kg8 28. Qc8+ Kf7 29. Qf5+ Kg8 1/2-1/2

[Event "Silver Lake Open-A 2019"]
[Site "Veliko Gradiste"]
[Date "2019.06.19"]
[Round "5.9"]
[White "Martic, Ivan"]
[Black "Ozkan, Taha"]
[Result "1-0"]
[ECO "A06"]
[WhiteElo "2401"]
[BlackElo "2039"]
[Annotator "NA"]
[PlyCount "97"]
[EventDate "2019.06.16"]
[EventType "swiss"]
[EventCountry "SRB"]
[SourceTitle "playchess.com"]
[Source "ChessBase"]
[SourceQuality "1"]
[TimeControl "40/5400+30:900+30"]

1. Nf3 d5 2. g3 c6 3. Bg2 Nd7 4. d4 e6 5. O-O f5 6. c4 Ndf6 7. b3 Ne4 8. Bb2 Ngf6 9. Ne5 Be7 10. c5 Nd7 11. Nd3 O-O 12. Nd2 e5 13. b4 Nxd2 14. Qxd2 e4 15. Ne5 Nxe5 16. dxe5 Bg5 17. e3 Qe7 18. Qd4 Bh6 19. f4 exf3 20. Rxf3 g6 21. g4 Bg7 22. Raf1 Bd7 23. Bh3 fxg4 24. Rxf8+ Rxf8 25. Rxf8+ Kxf8 26. Bg2 Qh4 27. Bc3 Qg5 28. b5 Ke7 29. b6 a6 30. Bf1 Bc8 31. e4 Qf4 32. exd5 Qxd4+ 33. Bxd4 cxd5 34. Bxa6 bxa6 35. c6 Kd8 36. Kg2 Bf8 37. e6 Bd6 38. b7 Bxb7 39. cxb7 Kc7 40. Be5 Kxb7 41. Bxd6 Kc8 42. Kg3 h5 43. Kf4 Kd8 44. Ke5 h4 45. Kxd5 g5 46. Ke4 g3 47. hxg3 hxg3 48. Kf3 Ke8 49. Kxg3 1-0

[Event "Silver Lake Open-A 2019"]
[Site "Veliko Gradiste"]
[Date "2019.06.19"]
[Round "5.10"]
[White "Pimpalkhare Vedant"]
[Black "Stojanovic, Mihajlo"]
[Result "1/2-1/2"]
[ECO "A08"]
[WhiteElo "2067"]
[BlackElo "2503"]
[Annotator "ChessBase"]
[PlyCount "44"]
[EventDate "2019.06.16"]
[EventType "swiss"]
[EventCountry "SRB"]
[SourceTitle "playchess.com"]
[Source "ChessBase"]
[SourceQuality "1"]
[TimeControl "40/5400+30:900+30"]

1. Nf3 d5 2. g3 c5 3. Bg2 Nc6 4. d4 Nf6 5. O-O e6 6. c4 dxc4 7. dxc5 Qxd1 8. Rxd1 Bxc5 9. Nbd2 c3 10. bxc3 O-O 11. Nb3 Be7 12. Bb2 Bd7 13. c4 Rfd8 14. Ne5 Rac8 15. Nxd7 Nxd7 16. Rac1 b6 17. e3 Kf8 18. Bf1 g6 19. Be2 Nc5 20. Nxc5 Bxc5 21. Rxd8+ Rxd8 22. Rd1 Rxd1+ 1/2-1/2

[Event "Silver Lake Open-A 2019"]
[Site "Veliko Gradiste"]
[Date "2019.06.20"]
[Round "6.1"]
[White "Zakhartsov, Viacheslav V."]
[Black "Radovanovic, Mihajlo"]
[Result "0-1"]
[ECO "E94"]
[WhiteElo "2518"]
[BlackElo "2483"]
[Annotator "ChessBase"]
[PlyCount "80"]
[EventDate "2019.06.16"]
[EventType "swiss"]
[EventCountry "SRB"]
[SourceTitle "playchess.com"]
[Source "ChessBase"]
[SourceQuality "1"]
[TimeControl "40/5400+30:900+30"]

1. d4 Nf6 2. c4 g6 3. Nc3 Bg7 4. e4 d6 5. Nf3 O-O 6. Be2 e5 7. O-O Na6 8. Be3 c6 9. d5 Ng4 10. Bg5 f6 11. Bh4 c5 12. Ne1 Nh6 13. a3 Bd7 14. Nd3 Qc8 15. f3 Nf7 16. Rb1 b6 17. b4 f5 18. b5 Nc7 19. exf5 gxf5 20. Qc2 Qe8 21. Kh1 Nh8 22. f4 e4 23. Nf2 Ng6 24. Bh5 Qf7 25. Nfd1 Ne8 26. Be1 Nf6 27. Be2 h5 28. h4 Ng4 29. Bxg4 fxg4 30. g3 e3 31. Nxe3 Bd4 32. Ncd1 Rae8 33. Qd3 Ne7 34. Bc3 Nf5 35. Nc2 Qf6 36. Nxd4 cxd4 37. Bd2 Nxh4 38. gxh4 Qxh4+ 39. Kg2 Bf5 40. Qg3 Re2+ 0-1

[Event "Silver Lake Open-A 2019"]
[Site "Veliko Gradiste"]
[Date "2019.06.20"]
[Round "6.3"]
[White "Nestorovic, Dejan"]
[Black "Ernst, Sipke"]
[Result "0-1"]
[ECO "A61"]
[WhiteElo "2339"]
[BlackElo "2541"]
[Annotator "RC"]
[PlyCount "78"]
[EventDate "2019.06.16"]
[EventType "swiss"]
[EventCountry "SRB"]
[SourceTitle "playchess.com"]
[Source "ChessBase"]
[SourceQuality "1"]
[TimeControl "40/5400+30:900+30"]

1. d4 Nf6 2. c4 c5 3. d5 e6 4. Nc3 exd5 5. cxd5 d6 6. Nf3 g6 7. Bg5 h6 8. Bh4 g5 9. Bg3 Nh5 10. e3 Nxg3 11. hxg3 Bg7 12. Nd2 Nd7 13. Qc2 Qe7 14. Nc4 O-O 15. a4 f5 16. Be2 Ne5 17. Nxe5 Qxe5 18. Qd2 f4 19. gxf4 gxf4 20. e4 a6 21. Ra3 Bd7 22. a5 Rab8 23. Rb3 Qg5 24. Bf3 Be5 25. Rb6 Rf7 26. Rh5 Qg7 27. Kd1 Bg4 28. Rh4 Bxf3+ 29. gxf3 Kh7 30. Ke2 Qf6 31. Rh1 Rg8 32. Qc2 Qg5 33. Qb3 Qg2 34. Rf1 Rg3 35. Nb1 c4 36. Qa3 c3 37. Nxc3 Qxf3+ 38. Ke1 Bxc3+ 39. bxc3 Qxe4+ 0-1

[Event "Silver Lake Open-A 2019"]
[Site "Veliko Gradiste"]
[Date "2019.06.20"]
[Round "6.5"]
[White "Stankovic, Milos"]
[Black "Martic, Ivan"]
[Result "1-0"]
[ECO "B84"]
[WhiteElo "2462"]
[BlackElo "2401"]
[Annotator "RC"]
[PlyCount "77"]
[EventDate "2019.06.16"]
[EventType "swiss"]
[EventCountry "SRB"]
[SourceTitle "playchess.com"]
[Source "ChessBase"]
[SourceQuality "1"]
[TimeControl "40/5400+30:900+30"]

1. e4 c5 2. Nf3 e6 3. d4 cxd4 4. Nxd4 a6 5. Be2 Nf6 6. Nc3 d6 7. g4 d5 8. exd5 Nxd5 9. Nxd5 Qxd5 10. Bf3 Qc4 11. Be3 Be7 12. Qe2 Qb4+ 13. c3 Qa5 14. Qc4 O-O 15. Nb3 Qe5 16. O-O-O a5 17. h4 Nd7 18. a4 Qb8 19. Qb5 Nf6 20. h5 Nd5 21. Bxd5 exd5 22. h6 g6 23. Qxd5 Be6 24. Qd4 f6 25. Nc5 Bxc5 26. Qxc5 Qe8 27. Rd4 Qf7 28. Rhd1 Rfc8 29. Qb6 Re8 30. Qb5 g5 31. Rd6 Bxg4 32. Rg1 Bh5 33. Bd4 Bg6 34. Rxf6 Qa2 35. Rxg6+ hxg6 36. h7+ Kf7 37. Qxb7+ Re7 38. Qf3+ Ke6 39. Re1+ {[%emt 0:00:20] Kd5} 1-0

[Event "Silver Lake Open-A 2019"]
[Site "Veliko Gradiste"]
[Date "2019.06.20"]
[Round "6.6"]
[White "Dimitrov, Vladimir"]
[Black "Damljanovic, Branko"]
[Result "0-1"]
[ECO "E71"]
[WhiteElo "2309"]
[BlackElo "2468"]
[Annotator "ChessBase"]
[PlyCount "44"]
[EventDate "2019.06.16"]
[EventType "swiss"]
[EventCountry "SRB"]
[SourceTitle "playchess.com"]
[Source "ChessBase"]
[SourceQuality "1"]
[TimeControl "40/5400+30:900+30"]

1. d4 Nf6 2. c4 g6 3. Nc3 Bg7 4. e4 d6 5. h3 O-O 6. Be3 c5 7. d5 e6 8. Bd3 Na6 9. Nf3 exd5 10. exd5 Nb4 11. Be2 Bf5 12. Rc1 Re8 13. a3 Na6 14. g4 Bd7 15. Bd3 b5 16. cxb5 Nc7 17. Bc4 h5 18. gxh5 Nxh5 19. a4 Rb8 20. b3 Ng3 21. fxg3 Rxe3+ 22. Kd2 Bh6 0-1